AoeStats
← leoxantho

Arena

507943450Analyzed
1v1 RM · 13d ago on Sep 20, 2026· 30m 28s· 2 players
Game mode
Random Map
Map size
Tiny (2 player)
Population
200
Speed
Normal
Resources
Standard
Victory
Conquest
Starting age
Dark Age
Ending age
Imperial Age
RankedLock teamsTeams togetherTeam positionsShared explorationLock speedFull tech treeHidden civsTurbo modeCheats
Victory
Defeat
🇫🇷 Turks · France
507
+21
🇬🇷 Lithuanians · Greece
615
-21
Sorcor
12:24 Feudal Age
16:47 Castle Age
15:06 Double-Bit Axe
15:14 Gold Mining
22:44 Imperial Age
25:34 Padded Archer Armor
leoxantho
10:41 Feudal Age
19:31 Castle Age
18:24 Bloodlines
18:41 Double-Bit Axe
18:37 Horse Collar
19:23 Forging
21:24 Scale Barding Armor
26:20 Husbandry
27:19 Chain Barding Armor
27:09 Bow Saw
Connection lost

Rejoining the realm…

Still unreachable

The connection could not be restored.

Session expired

The server has moved on; the page needs a fresh start.